 Dungeon Crawl Stone Soup version 0.19.5 (webtiles) character file.

99 tidbits the Nimble (level 4, -2/30 HPs)
             Began as a High Elf Skald on Nov 17, 2017.
             Slain by a gnoll (8 damage)
             ... on level 2 of the Dungeon.
             The game lasted 00:04:13 (561 turns).

tidbits the Nimble (High Elf Skald)                  Turns: 561, Time: 00:04:13

Health: -2/30      AC:  3    Str: 12    XL:     4   Next: 45%
Magic:  7/9        EV: 19    Int: 15    God:
Gold:   77         SH:  0    Dex: 15    Spells: 3 memorised, 3 levels left

rFire  . . .     SeeInvis .     a - +0 falchion
rCold  . . .     Gourm    .     b - +0 leather armour
rNeg   . . .     Faith    .     (no shield)
rPois  .         Spirit   .     (no helmet)
rElec  .         Reflect  .     (no cloak)
rCorr  .         Harm     .     (no gloves)
MR     .....                    (no boots)
Stlth  +.........               (no amulet)
                                (no ring)
                                (no ring)

@: infused (expiring)
A: no striking features
a: no special abilities


You were on level 2 of the Dungeon.
You were not hungry.

You visited 1 branch of the dungeon, and saw 3 of its levels.

You collected 77 gold pieces.

Inventory:

Hand Weapons
 a - a +0 falchion (weapon)
 q - a +0 hunting sling
   (You found it on level 3 of the Dungeon)
Missiles
 e - 58 stones (quivered)
 m - 25 arrows
 n - 19 sling bullets
Armour
 b - a +0 leather armour (worn)
 f - a +2 scale mail of cold resistance
   (You found it on level 1 of the Dungeon)
Scrolls
 g - a scroll of noise {unknown}
 k - a scroll of identify {unknown}
 l - 2 scrolls of teleportation {unknown}
Potions
 i - a potion of heal wounds {unknown}
 j - a potion of curing {unknown}
 o - a potion of cancellation {unknown}
 p - a potion of degeneration {unknown}
Books
 c - a book of Battle

   Spells                             Type                      Level
   a - Infusion                       Charms                       1
   b - Shroud of Golubria             Charms/Translocation         2
   c - Song of Slaying                Charms                       2
   d - Spectral Weapon                Hexes/Charms                 3
   e - Regeneration                   Charms/Necromancy            3
Comestibles
 d - a bread ration


   Skills:
 - Level 2.4 Fighting
 - Level 2.9 Long Blades
 - Level 1.1 Armour
 - Level 11.3 Dodging
 + Level 2.8 Spellcasting
 + Level 4.1 Charms


You had 3 spell levels left.
You knew the following spells:

 Your Spells              Type           Power        Failure   Level  Hunger
g - Shroud of Golubria    Chrm/Tloc      #.........   21%         2    ##.....
i - Infusion              Chrm           ##..         6%          1    #......
y - Song of Slaying       Chrm           ##......     10%         2    ##.....


Dungeon Overview and Level Annotations

Branches:
Dungeon (3/15)

Altars:
Elyvilon
Ru


Message History

Confirm with . or Enter, or press ? or * to list all spells.
You begin infusing your attacks with magical energy.
The rat twitches its whiskers.
The rat closely misses you.
You riposte.
You hit the rat.
You kill the rat!
A jackal comes into view.
Found 16 stones.
A jackal comes into view. 2 jackals come into view.
The jackal barks!
The jackal barks! x2
The jackal bites you.
Found 10 gold pieces.
You see here a lumpy sapphire potion.
o - a lumpy sapphire potion The jackal barely misses you.
The jackal bites you but does no damage. x2
The jackal barely misses you. The jackal closely misses you.
The jackal bites you. The jackal closely misses you.
The jackal bites you but does no damage.
You see here 6 poisoned needles.
Your magical infusion is running out.
The jackal bites you but does no damage.
The jackal misses you.
The jackal bites you but does no damage.
You slash the jackal!
You kill the jackal!
You slash the jackal!
You kill the jackal!
Your Charms skill increases to level 4!
You are no longer magically infusing your attacks.
The jackal bites you but does no damage.
You hit the jackal.
The jackal is heavily wounded.
The jackal bites you but does no damage.
The jackal misses you.
You hit the jackal but do no damage.
The jackal is heavily wounded.
The jackal bites you but does no damage.
You hit the jackal.
You kill the jackal!
You hit the jackal.
The jackal is almost dead.
The jackal bites you.
The jackal bites you but does no damage.
You hit the jackal.
You kill the jackal!
You see here a jackal corpse.
Found a bubbling inky potion and a hunting sling.
e - 58 stones (gained 16)
Found a sacrificial altar of Ru.
p - a bubbling inky potion You see here a hunting sling.
q - a hunting sling You now have 77 gold pieces (gained 10).
You see here a bat corpse.
A gnoll comes into view. It is wielding a spear.
The gnoll shouts! 2 gnolls come into view.
A frilled lizard comes into view.
The gnoll shouts!
The frilled lizard hisses angrily.
You see here a bat corpse.
Casting: Infusion
Confirm with . or Enter, or press ? or * to list all spells.
You begin infusing your attacks with magical energy.
The gnoll closely misses you.
You completely miss the gnoll. The gnoll hits you with a spear.
You closely miss the gnoll. The gnoll hits you with a spear.
You hit the gnoll!
The gnoll is severely wounded.
The gnoll hits you with a spear!
* * * LOW HITPOINT WARNING * * *
You closely miss the gnoll.
The gnoll is severely wounded.
Your leather armour prevents you from hitting the gnoll.
The gnoll is severely wounded.
The gnoll hits you with a spear.
* * * LOW HITPOINT WARNING * * *
The gnoll hits you.
* * * LOW HITPOINT WARNING * * *
You hit the gnoll!
You kill the gnoll!
The gnoll misses you. The gnoll barely misses you.
You riposte.
You closely miss the gnoll. The gnoll closely misses you.
It was a potion of experience.
You feel more experienced!
Your Dodging skill gained 10 levels and is now at level 11!
You have reached level 4!
The gnoll misses you.
Okay, then.
Your magical infusion is running out.
There is a stone staircase leading up here.
The gnoll barely misses you.
You climb upwards.
There is a stone staircase leading down here.
You closely miss the gnoll. The gnoll hits you!
You die...

#......#### #.## #.......##
.... ###...#..# #.##
#...##.## #.## ###.#####
#...#...# #.## #.....<.#
#...#.⌠.########.##
...#####.#
#...#...#..........
#.####g..##.##........##
#......@..#.#.........##
#..#####.##.##.#####....
#####..#...###...###...#..##
..........⌠....._.....⌠...>##
.#.######...###...###...#....
##### ##.## #####.### #.#
.... #.# #.###. ... # .#


You could see a gnoll.

Vanquished Creatures
  An adder (D:2)
  A gnoll (D:3)
  An ooze (D:1)
  A dart slug (D:1)
  An orc (D:3)
  4 bats
  A giant cockroach (D:1)
  2 goblins
  A hobgoblin (D:1)
  4 jackals (D:3)
  A frilled lizard (D:2)
  2 rats
20 creatures vanquished.

Notes
Turn   | Place    | Note
-------+----------+-------------------------------------------
     0 | D:1      | tidbits the High Elf Skald began the quest for the Orb.
     0 | D:1      | Reached XP level 1. HP: 14/14 MP: 4/4
    50 | D:1      | Reached skill level 1 in Armour
   137 | D:1      | Reached XP level 2. HP: 19/19 MP: 6/6
   144 | D:1      | Learned a level 2 spell: Song of Slaying
   147 | D:1      | Learned a level 2 spell: Shroud of Golubria
   367 | D:2      | Found a white marble altar of Elyvilon.
   398 | D:3      | Reached XP level 3. HP: 18/25 MP: 4/8
   463 | D:3      | Reached skill level 4 in Charms
   483 | D:3      | Found a sacrificial altar of Ru.
   553 | D:3      | Reached skill level 11 in Dodging
   553 | D:3      | Reached XP level 4. HP: 5/30 MP: 6/9
   561 | D:2      | Slain by a gnoll

Skill      XL: |  1  2  3 |
---------------+----------+-----
Armour         | 1 |  1.1
Charms         | 4 |  4.1
Dodging        | 11 | 11.3
Fighting       | |  2.4
Long Blades    | |  2.9
Spellcasting   | |  2.8

Action                   |  1- 3 |  4- 6 || total
-------------------------+-------+-------++-------
Melee: Falchion          |    41 |     1 ||    42
 Cast: Infusion          |     9 |       ||     9
  Use: Potion            |     1 |       ||     1
 Stab: Sleeping          |     1 |       ||     1
Armor: Leather armour    |    18 |       ||    18
Dodge: Dodged            |    29 |     2 ||    31
       Rpst.: Falchion   |     7 |       ||     7

Table legend:
 A = Turns spent in this place as a percentage of turns spent in the entire game.
 B = Non-inter-level travel turns spent in this place as a percentage of non-inter-level travel turns spent in the entire game.
 C = Inter-level travel turns spent in this place as a percentage of turns spent in this place.
 D = Turns resting spent in this place as a percentage of non-inter-level travel turns spent in this place.
 E = Turns spent auto-exploring this place as a percentage of non-inter-level travel turns spent in this place.
 F = Non-inter-level travel turns spent in this place divided by the number of levels of this place that you've seen.
                   A       B       C       D       E      F
               +-------+-------+-------+-------+-------+----------------------
         Total | 100.0 | 100.0 |   0.0 |   0.0 |   0.0 | 174.3
       Dungeon | 100.0 | 100.0 |   0.0 |   0.0 |   0.0 | 174.3
               +-------+-------+-------+-------+-------+----------------------

Table legend:
 A = Kills in this place as a percentage of kills in entire the game.
 B = Kills by you in this place as a percentage of kills by you in the entire game.
 C = Kills by friends in this place as a percentage of kills by friends in the entire game.
 D = Other kills in this place as a percentage of other kills in the entire game.
 E = Experience gained in this place as a percentage of experience gained in the entire game.
 F = Experience gained in this place divided by the number of levels of this place that you have seen.
                   A       B       C       D       E      F
               +-------+-------+-------+-------+-------+----------------------
         Total | 100.0 | 100.0 |  -nan |  -nan | 100.0 |  22.3
       Dungeon | 100.0 | 100.0 |  -nan |  -nan | 100.0 |  22.3
               +-------+-------+-------+-------+-------+----------------------

Vault maps used:
D:1:      dpeg_arrival_boxorama, hex_intersection
D:2:      roderic_lattice_a, serial_park_tiny_pond, minmay_misc_feat_diagonals,
          elyvilon_altar_1
D:3:      nicolae_ru_path_of_blood, uniq_crazy_yiuf_cottage, uniq_sigmund,
          uniq_jessica
